AoeStats
← thinker

Black Forest

505568443Analyzed
3v3 RM · 21d ago on Sep 10, 2026· 27m 52s· 6 players
Game mode
Random Map
Map size
Normal (6 player)
Population
200
Speed
Normal
Resources
Standard
Victory
Conquest
Starting age
Dark Age
Ending age
Imperial Age
RankedLock teamsTeams togetherTeam positionsShared explorationLock speedFull tech treeHidden civsTurbo modeCheats
Victory
Defeat
🇺🇸 Goths · United States
1045
+12
🇺🇸 Cumans · United States
1044
+12
🇺🇸 Magyars · United States
889
+24
🇦🇷 Romans · Argentina
970
-15
🇨🇦 Celts · Canada
935
-13
🇨🇳 Khmer · China
933
-13
thinker
3:06 Loom
12:21 Feudal Age
13:14 Double-Bit Axe
13:12 Horse Collar
17:51 Castle Age
18:33 Stone Mining
18:46 Heavy Plow
21:05 Bow Saw
Marina Orsini
7:12 Loom
11:13 Feudal Age
11:44 Double-Bit Axe
17:17 Castle Age
15:55 Stone Mining
19:35 Bow Saw
mariano34355
11:55 Feudal Age
14:07 Feudal Age
15:11 Double-Bit Axe
15:06 Man-at-Arms
18:33 Forging
24:28 Castle Age
24:07 Scale Mail Armor
25:09 Long Swordsman
Cousin Mike
12:14 Feudal Age
18:15 Castle Age
17:34 Double-Bit Axe
22:01 Bow Saw
22:04 Horse Collar
25:29 Scale Barding Armor
GunShow
7:57 Loom
13:07 Feudal Age
14:59 Double-Bit Axe
18:18 Castle Age
16:28 Horse Collar
19:24 Bow Saw
20:11 Bloodlines
20:09 Scale Barding Armor
27:06 Wheelbarrow
27:59 Chain Barding Armor
27:50 Forging
27:23 Capped Ram
Kaiser Wilhelm
0:26 Loom
9:58 Feudal Age
10:25 Double-Bit Axe
13:18 Scale Mail Armor
13:29 Forging
13:08 Horse Collar
16:27 Wheelbarrow
15:26 Man-at-Arms
20:27 Castle Age
18:29 Man-at-Arms
21:32 Chain Mail Armor
21:52 Iron Casting
20:46 Long Swordsman
22:38 Squires
23:18 Iron Casting
25:59 Gold Mining
26:01 Stone Mining
Connection lost

Rejoining the realm…

Still unreachable

The connection could not be restored.

Session expired

The server has moved on; the page needs a fresh start.